 Dungeon Crawl Stone Soup version 0.31-a0-1301-g7e11add784 (webtiles) character file.

Game seed: 15106709598052227564

155 Bnni the Digger (level 5, -1/38 HPs)
             Began as a Formicid Earth Elementalist on Dec 19, 2023.
             Slain by an orc
             ... wielding a +0 mace
              (4 damage)
             ... on level 2 of the Dungeon.
             The game lasted 00:06:11 (2682 turns).

Bnni the Digger (Formicid Earth Elementalist)       Turns: 2682, Time: 00:06:12

Health: -1/38      AC:  2    Str: 13    XL:     5   Next: 63%
Magic:  0/9        EV: 12    Int: 16    God:
Gold:   70         SH:  0    Dex: 20    Spells: 4/10 levels left

rFire   . . .        n - staff of conjuration
rCold   . . .        (no shield)
rNeg    . . .        a - +0 robe
rPois   .            (helmet unavailable)
rElec   .            (no cloak)
rCorr   .            (no gloves)
SInv    +            (no boots)
Will    .....        (no amulet)
Stlth   ++           i - +6 ring of dexterity
HPRegen 0.26/turn    (no ring)
MPRegen 0.11/turn

%: no passive effects
@: no status effects
A: permanent stasis, dig shafts and tunnels, antennae 3, four strong arms
a: Dig, Shaft Self


You were on level 2 of the Dungeon.
You visited 1 branch of the dungeon, and saw 3 of its levels.

You collected 70 gold pieces.

Inventory:

Hand Weapons
 e - a +0 spear
 m - a +0 dagger of venom
Armour
 a - a +0 robe (worn)
Magical Staves
 n - a staff of conjuration (weapon)
Jewellery
 i - a +6 ring of dexterity (left hand)
Scrolls
 c - 3 scrolls of immolation {unknown}
 d - a scroll of enchant armour {unknown}
 g - a scroll of poison {unknown}
 j - 2 scrolls of fog {unknown}
 k - 3 scrolls of identify {unknown}
 l - a scroll of amnesia {unknown}
 p - a scroll of noise {unknown}
 q - a scroll of teleportation {unknown}
Potions
 b - 2 potions of magic
 f - 2 potions of attraction {unknown}
 h - a potion of enlightenment {unknown}
 o - a potion of berserk rage {unknown}


   Skills:
 + Level 2.1 Fighting
 - Level 1.7 Dodging
 - Level 2.4 Stealth
 + Level 3.0 Spellcasting
 + Level 1.3 Conjurations
 - Level 2.0 Transmutations
 * Level 5.2 Earth Magic


You had 4 spell levels left.
You knew the following spells:

 Your Spells              Type           Power      Damage    Failure   Level
a - Sandblast             Erth           38%        2d10      2%          1
b - Passwall              Tmut/Erth      11%        N/A       6%          2
c - Stone Arrow           Conj/Erth      38%        3d9       14%         3

Your spell library contained the following spells:

 Spells                   Type           Power      Damage    Failure   Level
 Hailstorm                Conj/Ice       6%         3d5       38%         3
 Leda's Liquefaction      Tmut/Erth      7%         N/A       38%         4
 Petrify                  Tmut/Erth      14%        N/A       38%         4
 Brom's Barrelling Bould  Conj/Erth      19%        2d4       43%         4
 Summon Ice Beast         Ice/Summ       2%         N/A       88%         4
 Lee's Rapid Deconstruct  Erth           9%         3d7*      52%         5
 Bombard                  Conj/Erth      9%         9d2       100%        6
 Simulacrum               Ice/Necr       1%         N/A       100%        6


Dungeon Overview and Level Annotations

Branches:
Dungeon (3/15)

Altars:

Shops:
D:1 :


Innate Abilities, Weirdness & Mutations

You cannot be hasted, slowed, berserked, paralysed or teleported.
You can dig through walls and to a lower floor.
You have a pair of large antennae on your head. (SInv)
Your four strong arms can wield two-handed weapons with a shield.


Message History

The gnoll hits you from afar with a +0 spear.
The orc attacks as it pursues you! The orc hits you with a +0 mace.
* * * LOW HITPOINT WARNING * * *
There is an escape hatch in the ceiling here.
The orc hits you with a +0 mace!
* * * LOW HITPOINT WARNING * * *
The gnoll hits you from afar with a +0 spear.
* * * LOW HITPOINT WARNING * * *
A mysterious force pulls you upwards. The hatch slams shut behind you.
Aiming: Sandblast (safe; 2% risk of failure)
Press: ? - help, Q - select action, (/) - cycle Shift-Dir - straight line, f - orc
Aim: an orc, wielding a +0 mace and wearing a +0 chain mail (severely wounded, 87% to hit)
The blast of sand hits the orc but does no damage.
The orc is severely wounded.
The orc hits you with a +0 mace.
* * * LOW HITPOINT WARNING * * *
The orc misses you.
Aiming: Sandblast (safe; 2% risk of failure)
Press: ? - help, Q - select action, (/) - cycle Shift-Dir - straight line, f/p - orc
Aim: an orc, wielding a +0 mace and wearing a +0 chain mail (severely wounded, 87% to hit)
The blast of sand hits the orc but does no damage.
The orc is severely wounded.
The orc barely misses you.
Aiming: Sandblast (safe; 2% risk of failure)
Press: ? - help, Q - select action, (/) - cycle Shift-Dir - straight line, f/p - orc
Aim: an orc, wielding a +0 mace and wearing a +0 chain mail (severely wounded, 87% to hit)
The blast of sand hits the orc but does no damage.
The orc is severely wounded.
The orc hits you with a +0 mace.
* * * LOW HITPOINT WARNING * * *
The orc misses you.
Unknown command.
Okay, then.
You hit the orc but do no damage.
The orc is severely wounded.
The orc barely misses you.
You hit the orc but do no damage.
The orc is severely wounded.
The orc hits you with a +0 mace.
You die...

#.####....###.###.#.#
..........# #.# #.#.#
#.####...## #.###.#.#
..# ##.## #.......#
### #.# #####.### #.#
##.## ##'## #...###
##...## #.....#
##.....## #@..#.#
##.......## #.o...#
###.........####.###.#
..+.........'....# #.#
###.........####.###.#
##.......## #.....#
##.....## ###.###
##...## #.# ##'## #.#


You could see an orc.

Vanquished Creatures
  An orc priest (D:3)
  Terence (D:2)
  A gnoll (D:3)
  3 adders
  A worm (D:2)
  A dart slug (D:2)
  4 orcs (D:2)
  5 endoplasms
  2 giant cockroaches
  2 goblins (D:1)
  5 hobgoblins
  4 kobolds (D:2)
  5 quokkas
  4 ball pythons
  9 bats
  2 frilled lizards
  5 rats
55 creatures vanquished.

Notes
Turn   | Place    | Note
-------+----------+-------------------------------------------
     0 | D:1      | Bnni the Formicid Earth Elementalist began the quest for
                  | the Orb.
     0 | D:1      | Reached XP level 1. HP: 13/13 MP: 3/3
   176 | D:1      | Reached XP level 2. HP: 19/20 MP: 0/5
   328 | D:1      | Reached skill level 4 in Earth Magic
   705 | D:1      | Reached skill level 1 in Fighting
   705 | D:1      | Reached XP level 3. HP: 26/26 MP: 3/6
   976 | D:1      | Found Anymenin's Book Boutique.
  1273 | D:2      | Noticed Terence
  1288 | D:2      | Killed Terence
  1289 | D:2      | Reached XP level 4. HP: 11/32 MP: 5/8
  1526 | D:2      | Learned a level 2 spell: Passwall
  1530 | D:2      | Learned a level 3 spell: Stone Arrow
  2058 | D:2      | Found a faded altar of an unknown god.
  2144 | D:2      | Reached skill level 1 in Conjurations
  2144 | D:2      | Reached XP level 5. HP: 37/38 MP: 6/9
  2435 | D:2      | Reached skill level 5 in Earth Magic
  2682 | D:2      | Slain by an orc

Illustrated notes

Levels and vault maps discovered:
D:1:      lemuel_arrival_broad_hall, layout_loops_cross, serial_shops,
          nicolae_shop_just_a_little_nook, minmay_split_cup_large
D:2:      layout_loops_corners, hellmonk_ecumenical_altar_defaced_shrine,
          uniq_terence
D:3:      minmay_inner_zag, layout_loops_ring, gammafunk_ghost_cemetery,
          serial_glass, glass_columns_b, glass_columns_a, minmay_misc_feat_cross

Skill      XL: |  1  2  3  4  5 |
---------------+----------------+-----
Earth Magic    | 4 5 |  5.2
Fighting       | 1 2 |  2.1
Transmutations | 2 |  2.0
Conjurations   | 1 |  1.3
Spellcasting   | 3 |  3.0
Dodging        | |  1.7
Stealth        | |  2.4

Action                     |  1- 3 |  4- 6 || total
---------------------------+-------+-------++-------
  Melee: Spear             |     4 |       ||     4
         Staff             |    18 |     3 ||    21
         Dagger            |    13 |       ||    13
         Punch             |     1 |       ||     1
   Cast: Sandblast         |    30 |    51 ||    81
   Stab: Sleeping          |     2 |       ||     2
 Armour: Robe              |    22 |    23 ||    45
  Dodge: Dodged            |    32 |    19 ||    51

Table legend: (Time is in decaauts)
 A = Elapsed time spent in this place.
 B = Non-inter-level travel time spent in this place.
 C = Inter-level travel time spent in this place.
 D = Time resting spent in this place.
 E = Time spent auto-exploring this place.
 F = Levels seen in this place.
 G = Mean time per level.
                   A        B        C        D        E       F      G
               +--------+--------+--------+--------+--------+-----+--------+
         Total |   2723 |   2535 |    188 |     96 |   2047 |   3 |  907.7 |
       Dungeon |   2723 |   2535 |    188 |     96 |   2047 |   3 |  907.7 |
               +--------+--------+--------+--------+--------+-----+--------+

Top non-repeatable levels by time:
     D:2: 1515 daAuts
     D:1: 1111 daAuts
     D:3: 96 daAuts
